 Dungeon Crawl Stone Soup version 0.22-a0-422-g9628fc8 (webtiles) character file.

12 iamserjio the Digger (level 2, 0/19 HPs)
             Began as a Formicid Earth Elementalist on May 18, 2018.
             Slain by a leopard gecko (2 damage)
             ... on level 1 of the Dungeon.
             The game lasted 00:00:56 (164 turns).

iamserjio the Digger (Formicid Earth Elementalist)   Turns: 164, Time: 00:00:57

Health: 0/19       AC:  2    Str: 12    XL:     2   Next: 45%
Magic:  4/5        EV: 12    Int: 14    God:
Gold:   8          SH:  0    Dex: 11    Spells: 5/6 levels left

rFire    . . .     SeeInvis +   a - +0 club
rCold    . . .     Gourm    .   (no shield)
rNeg     . . .     Faith    .   c - +0 robe
rPois    .         Spirit   .   (helmet unavailable)
rElec    .         Reflect  .   (no cloak)
rCorr    .         Harm     .   (no gloves)
MR       .....                  (no boots)
Stlth    ++........             (no amulet)
HPRegen  0.06/turn              (no ring)
MPRegen  0.09/turn              (no ring)

@: no status effects
A: permanent stasis, dig shafts and tunnels, four strong arms, antennae 3
a: Dig, Shaft Self


You were on level 1 of the Dungeon.
You were not hungry.

You visited 1 branch of the dungeon, and saw 1 of its levels.

You collected 8 gold pieces.

Inventory:

Hand Weapons
 a - a +0 club (weapon)
Missiles
 b - 30 stones (quivered)
Armour
 c - a +0 robe (worn)
Scrolls
 e - 2 scrolls of identify {unknown}
Comestibles
 d - a ration
 f - 4 chunks of flesh


   Skills:
 - Level 1.7 Dodging
 - Level 2.4 Stealth
 + Level 2.5 Spellcasting
   Level 1.1 Transmutations
 * Level 4.2 Earth Magic


You had 5 spell levels left.
You knew the following spells:

 Your Spells              Type           Power        Failure   Level  Hunger
a - Sandblast             Erth           ##....       4%          1    #......

Your spell library contained the following spells:

 Spells                   Type           Power        Failure   Level  Hunger
 Stone Arrow              Conj/Erth      #.....       28%         3    ###....
 Passwall                 Tmut/Erth      #.........   12%         2    ###....
 Lee's Rapid Deconstruct  Erth           ##........   73%         5    ######.
 Petrify                  Tmut/Erth      #.......     58%         4    #####..


Dungeon Overview and Level Annotations

Branches:
Dungeon (1/15)

Altars:


Innate Abilities, Weirdness & Mutations

You cannot be hasted, slowed, berserked, paralysed or teleported.
You can dig through walls and to a lower floor.
Your four strong arms can wield two-handed weapons with a shield.
You have a pair of large antennae on your head. (SInv)


Message History

You closely miss the goblin. The goblin hits you.
You closely miss the leopard gecko. The leopard gecko barely misses you.
The goblin barely misses you. The leopard gecko bites you.
You hit the leopard gecko.
The leopard gecko is severely wounded.
The goblin hits you. The leopard gecko bites you.
The leopard gecko barely misses you. The goblin hits you.
* * * LOW HITPOINT WARNING * * *
You are too injured to fight recklessly!
You are too injured to fight recklessly!
Casting: Sandblast (safe; 4% risk of failure)
Confirm with . or Enter, or press ? or * to list all spells.
Aiming: Sandblast (safe; 4% risk of failure)
Press: ? - help, Shift-Dir - straight line, f - leopard gecko
Aim: a leopard gecko (severely wounded, clinging)
The blast of sand hits the leopard gecko.
You kill the leopard gecko!
b - 30 stones The leopard gecko bites you.
You die...

.......##.#########.....#
........................#
....##.##.....#.........#
....##.....).......>....#
....###.................#
....# #.........###..####
....# #.........# ..##
.... #.........##....#
#........g@..##.#
#........l#.......
..........#...##
........##.(#...
........# .## ##
......... ## .....)...
#.....#.. #.######.#


You could see a leopard gecko and a goblin.

Vanquished Creatures
  2 dart slugs (D:1)
  A leopard gecko (D:1)
  A hobgoblin (D:1)
  A bat (D:1)
  A frilled lizard (D:1)
  3 rats (D:1)
9 creatures vanquished.

Notes
Turn   | Place    | Note
-------+----------+-------------------------------------------
     0 | D:1      | iamserjio the Formicid Earth Elementalist began the quest for the Orb.
     0 | D:1      | Reached XP level 1. HP: 13/13 MP: 3/3
    72 | D:1      | Reached skill level 4 in Earth Magic
    78 | D:1      | Reached XP level 2. HP: 19/19 MP: 1/5
   164 | D:1      | Slain by a leopard gecko

Vault maps used:
D:1:      wheals_arrival_shading, minivault_27, hangedman_decor_riveting

Skill      XL: |  1 |
---------------+----+-----
Earth Magic    | 4 |  4.2
Dodging        | |  1.7
Stealth        | |  2.4
Spellcasting   | |  2.5
Transmutations | |  1.1

Action                   || total
-------------------------++-------
Melee: Club              ||    10
 Cast: Sandblast         ||     7
 Stab: Sleeping          ||     1
Armor: Robe              ||     2
Dodge: Dodged            ||    13

Table legend:
 A = Spawn XP
 B = Non-spawn XP
 C = Spawn XP percentage of total XP
 D = Spawn monster count
 E = Non-spawn monster count
 F = Spawn count percentage of total count
 G = Total turns spent on level
                    A         B        C        D         E        F      G
               +---------+---------+-------+---------+---------+-------+---------
         Total |       0 |      18 |   0.0 |       0 |       9 |   0.0 |   164
               +---------+---------+-------+---------+---------+-------+---------
           D:1 |       0 |      18 |   0.0 |       0 |       9 |   0.0 |   164
               +---------+---------+-------+---------+---------+-------+---------
